AoeStats
← DK_byktor

Glade

510310490Analyzed
1v1 RM · 2d ago on Sep 30, 2026· 28m 28s· 2 players
Game mode
Random Map
Map size
Tiny (2 player)
Population
200
Speed
Normal
Resources
Standard
Victory
Conquest
Starting age
Dark Age
Ending age
Imperial Age
RankedLock teamsTeams togetherTeam positionsShared explorationLock speedFull tech treeHidden civsTurbo modeCheats
Victory
Defeat
🇳🇱 Japanese · Netherlands
1278
+19
🇪🇸 Portuguese · Spain
1342
-19
gyanjo
10:26 Feudal Age
9:43 Loom
15:02 Castle Age
14:27 Double-Bit Axe
15:41 Horse Collar
17:25 Fletching
18:54 Bow Saw
20:20 Gold Mining
22:02 Fletching
22:31 Heavy Plow
24:39 Wheelbarrow
24:02 Town Watch
24:37 Scale Mail Armor
26:14 Stone Mining
26:40 Forging
DK_byktor
10:49 Feudal Age
10:49 Loom
11:34 Double-Bit Axe
11:33 Horse Collar
15:01 Town Watch
19:30 Castle Age
20:30 Bow Saw
21:56 Wheelbarrow
25:21 Fletching
Connection lost

Rejoining the realm…

Still unreachable

The connection could not be restored.

Session expired

The server has moved on; the page needs a fresh start.